 Dungeon Crawl Stone Soup version 0.29.0-4-gdea44cf6ec (webtiles) character file.

Game seed: 107353628477262030

9 LunaticDancer the Trooper (level 2, -8/19 HPs)
             Began as a Gargoyle Berserker on Aug 27, 2022.
             Was a Follower of Trog.
             Mangled by Terence
             ... wielding a +0 flail
              (9 damage)
             ... on level 2 of the Dungeon.
             The game lasted 00:13:51 (679 turns).

LunaticDancer the Trooper (Gargoyle Berserker)       Turns: 679, Time: 00:13:51

Health: -8/19      AC:  8    Str: 20    XL:     2   Next: 16%
Magic:  2/2        EV: 11    Int:  7    God:    Trog [*.....]
Gold:   60         SH:  0    Dex:  9    Spells: 1/1 levels left

rFire   . . .      SeeInvis .   a - +0 mace
rCold   . . .      Faith    .   (no shield)
rNeg    + . .      Spirit   .   c - +0 ring mail
rPois   ∞          Reflect  .   (no helmet)
rElec   +          Harm     .   (no cloak)
rCorr   .          Rampage  .   (no gloves)
Will    .....                   (no boots)
Stlth   ..........              (no amulet)
HPRegen 0.06/turn               (no ring)
MPRegen 0.08/turn               (no ring)

@: no status effects
A: sickness immunity, AC +2, negative energy resistance 1, electricity
resistance, torment resistance 1, petrification resistance
a: Renounce Religion, Berserk


You were on level 2 of the Dungeon.
You worshipped Trog.
Trog was aware of your devotion.
You visited 1 branch of the dungeon, and saw 2 of its levels.

You collected 60 gold pieces.

Inventory:

Hand Weapons
 a - a +0 mace (weapon)
 e - a +0 sling
 f - a +0 dagger
Missiles
 i - 2 stones (quivered)
Armour
 b - a +0 animal skin
 c - a +0 ring mail (worn)
Scrolls
 d - a scroll of identify {unknown}
 g - a scroll of amnesia {unknown}
 h - a scroll of teleportation {unknown}
 j - a scroll of enchant armour {unknown}


   Skills:
 + Level 3.5 Fighting
 + Level 3.1 Maces & Flails
 + Level 2.5 Armour
 + Level 1.6 Dodging


You had one spell level left.
You didn't know any spells.
Your spell library was empty.

Dungeon Overview and Level Annotations

Branches:
Dungeon (2/15)

Altars:

Annotations:
D:2 Terence


Innate Abilities, Weirdness & Mutations

You are immune to sickness and miasma.
Your stone body is resilient. (AC +2)
You are immune to poison.
You resist negative energy. (rN+)
You are resistant to electric shocks. (rElec)
You are resistant to unholy torment.
You are immune to petrification.


Message History

Terence hits you with a +0 flail.
A giant cockroach comes into view.
Terence hits you with a +0 flail.
You closely miss Terence.
Terence is heavily wounded.
Terence hits you with a +0 flail.
You hit Terence.
Terence is heavily wounded.
Terence hits you but does no damage.
You hit Terence.
Terence is severely wounded.
Terence hits you but does no damage.
You hit Terence but do no damage.
Terence is severely wounded.
Terence closely misses you.
You completely miss Terence.
Terence is severely wounded.
Terence says, "Rest in peace."
Terence hits you but does no damage.
The giant cockroach bites you but does no damage.
Terence closely misses you.
You hit Terence.
Terence is almost dead.
The giant cockroach completely misses you.
Terence hits you with a +0 flail.
* * * LOW HITPOINT WARNING * * *
The giant cockroach closely misses you.
You completely miss Terence.
Terence is almost dead.
Terence closely misses you. The giant cockroach barely misses you.
You hit Terence but do no damage.
Terence is almost dead.
The giant cockroach bites you but does no damage.
Terence hits you with a +0 flail.
* * * LOW HITPOINT WARNING * * *
The giant cockroach completely misses you.
You hit Terence.
Terence is almost dead.
Terence hits you with a +0 flail!
You die...

#....#
#....#
#....#
#....##
#.....
#....#
#..B.#
#..@.#
#..@.#
##.###
#. ##


You could see Terence and a giant cockroach.

Vanquished Creatures
  A ball python (D:1)
  A goblin (D:1)
  3 hobgoblins (D:1)
  A quokka (D:1)
  A bat (D:1)
  A kobold (D:1)
8 creatures vanquished.

Notes
Turn   | Place    | Note
-------+----------+-------------------------------------------
     0 | D:1      | LunaticDancer the Gargoyle Berserker began the quest for
                  | the Orb.
     0 | D:1      | Reached XP level 1. HP: 14/14 MP: 1/1
   195 | D:1      | Found a faded altar of an unknown god.
   465 | D:1      | Reached XP level 2. HP: 17/19 MP: 2/2
   665 | D:2      | Noticed Terence
   679 | D:2      | Mangled by Terence

Illustrated notes

Levels and vault maps discovered:
D:1:      scummos_arrival_hexagon, layout_loops_ring,
          hellmonk_ecumenical_altar_run_dry
D:2:      layout_rooms, minmay_tetromino_o4, uniq_jessica, uniq_terence

Action                   || total
-------------------------++-------
Melee: Mace              ||    48
Armor: Ring mail         ||    24
Dodge: Dodged            ||    28
